 Dungeon Crawl Stone Soup version 0.31-a0-819-gf6de2f5ab6 (webtiles) character file.

Game seed: 8079449296793147697

154 qw the Shooter (level 5, -13/32 HPs)
             Began as a Gargoyle Hunter on Sept 23, 2023.
             Mangled by an ogre
             ... wielding a +0 giant club
              (25 damage)
             ... on level 3 of the Dungeon.
             The game lasted 00:00:51 (2179 turns).

qw the Shooter (Gargoyle Hunter)                    Turns: 2179, Time: 00:00:51

Health: -13/32     AC:  7    Str: 15    XL:     5   Next: 36%
Magic:  5/5        EV: 11    Int:  9    God:
Gold:   181        SH:  0    Dex: 15    Spells: 4/4 levels left

rFire   + . .        Y - +2 shortbow
rCold   . . .        (shield currently unavailable)
rNeg    + . .        c - +0 leather armour
rPois   inf          (no helmet)
rElec   +            (no cloak)
rCorr   .            (no gloves)
SInv    .            (no boots)
Will    .....        f - amulet of the acrobat
Stlth   ++           h - ring of protection from fire
HPRegen 0.25/turn    (no ring)
MPRegen 0.09/turn

%: acrobat
@: no status effects
A: sickness immunity, AC +4, negative energy resistance 1, electricity
resistance, torment resistance 1, petrification resistance
a: no special abilities


You were on level 3 of the Dungeon.
You visited 1 branch of the dungeon, and saw 3 of its levels.

You collected 181 gold pieces.


Innate Abilities, Weirdness & Mutations

You are immune to sickness and miasma.
Your stone body is resilient. (AC +4)
You are immune to poison.
You resist negative energy. (rN+)
You are resistant to electric shocks. (rElec)
You are resistant to unholy torment.
You are immune to petrification.


   Skills:
 + Level 3.0 Fighting
 - Level 6.1 Ranged Weapons
 - Level 1.5 Dodging
 - Level 1.1 Stealth


You had 4 spell levels left.
You didn't know any spells.
Your spell library was empty.

Inventory:

Hand Weapons
 Y - a +2 shortbow (weapon)
Armour
 c - a +0 leather armour (worn)
 k - a +0 ring mail
Jewellery
 a - a ring of fire
 f - an amulet of the acrobat (around neck)
 h - a ring of protection from fire (left hand)
Scrolls
 d - a scroll of vulnerability {unknown}
 g - a scroll of teleportation {unknown}
 i - a scroll of enchant armour {unknown}
Potions
 b - a potion of brilliance {unknown}
 e - 2 potions of might {unknown}
 j - a potion of ambrosia {unknown}
 l - a potion of heal wounds {unknown}

Dungeon Overview and Level Annotations

Branches:
Dungeon (3/15)

Altars:

Shops:
D:3 (


Message History

Enter note:
Enter note:
Enter note:
Enter note:
Enter note:
Enter note:
Enter note:
Enter note:
2152 ||| READING scroll of enchant weapon.
As you read the scroll of enchant weapon, it crumbles to dust.
Your +1 shortbow glows red for a moment.
2152 ||| ENCHANTING +1 shortbow.
You see here an adder corpse.
An ogre comes into view. It is wielding a +0 giant club.
The ogre shouts!
You shoot an arrow.
The arrow hits the ogre but does no damage.
You shoot an arrow. The arrow hits the ogre!
The ogre is moderately wounded.
The ogre barely misses you.
You shoot an arrow. The arrow hits the ogre.
The ogre is moderately wounded.
The ogre hits you with a +0 giant club!
You shoot an arrow. The arrow closely misses the ogre.
You shoot an arrow. The arrow hits the ogre.
The ogre is moderately wounded.
The ogre hits you with a +0 giant club!
You shoot an arrow. The arrow hits the ogre.
The ogre is heavily wounded.
The ogre closely misses you.
You shoot an arrow. The arrow hits the ogre.
The ogre is severely wounded.
You shoot an arrow. The arrow hits the ogre.
The ogre is severely wounded.
The ogre barely misses you.
You shoot an arrow. The arrow hits the ogre!
The ogre is almost dead.
The ogre hits you with a +0 giant club!!
Ouch! That really hurt!
You die...

####.##### ##...## #.# #+##
#.# # ###.##### .#
#.......# #.## #.#.###.#
#...## #.#.# #.# .....#
#.#.###.####O...#
#<#........@.#.#
#.#####.######.# #.# #.#
#.# #.#####.# #.#
#.......#### #.#
######.....# #.# #.###.#
#.# ### #.# #.###.##### ..#
#####.###.#.......#########


You could see an ogre.

Vanquished Creatures
  An orc wizard (D:3)
  3 gnolls (D:2)
  2 adders
  A worm (D:2)
  3 orcs (D:3)
  8 bats
  6 endoplasms
  A giant cockroach (D:2)
  7 goblins
  11 hobgoblins
  4 jackals (D:2)
  7 kobolds
  3 quokkas
  8 ball pythons
  2 frilled lizards
  4 rats (D:2)
71 creatures vanquished.

Notes
Turn   | Place    | Note
-------+----------+-------------------------------------------
     0 | D:1      | qw the Gargoyle Hunter began the quest for the Orb.
     0 | D:1      | Reached XP level 1. HP: 12/12 MP: 1/1
     0 | D:1      | 0 ||| qw: Version: 0.3-a-83-gcd0e7d8
     0 | D:1      | 0 ||| qw: Game counter: 1717
     0 | D:1      | 0 ||| qw: Melee chars always use a shield: true
     0 | D:1      | 0 ||| qw: God list: Okawaru
     0 | D:1      | 0 ||| qw: Allow faded altars: false
     0 | D:1      | 0 ||| qw: Do Orc after clearing Dungeon:15 true
     0 | D:1      | 0 ||| qw: Do second Lair branch before Depths: true
     0 | D:1      | 0 ||| qw: Lair rune preference: random
     0 | D:1      | 0 ||| qw: Goals: Normal
     0 | D:1      | 0 ||| PLANNING D:1-11
    94 | D:1      | Reached XP level 2. HP: 17/17 MP: 2/2
   126 | D:1      | 126 ||| Stepping ~*~*~tactically~*~*~ (retreating).
   127 | D:1      | 127 ||| Stepping ~*~*~tactically~*~*~ (retreating).
   484 | D:1      | Reached XP level 3. HP: 21/21 MP: 3/3
   551 | D:1      | Reached skill level 5 in Ranged Weapons
   714 | D:1      | 714 ||| UPGRADING to amulet of the acrobat.
   719 | D:1      | 719 ||| UPGRADING to ring of protection from fire.
   720 | D:1      | 720 ||| READING 2 scrolls labelled CYMUIK CYBOTOPP.
   721 | D:1      | 721 ||| READING scroll labelled RUROPR DEBLID.
   722 | D:1      | 722 ||| READING scroll labelled BUBOPA YQ QOTT.
   723 | D:1      | 723 ||| READING scroll labelled TOAKAA FAASTRI.
   724 | D:1      | 724 ||| DROPPING scroll of noise.
   725 | D:1      | 725 ||| DROPPING scroll of butterflies.
  1007 | D:2      | Reached skill level 3 in Fighting
  1031 | D:2      | Reached XP level 4. HP: 28/28 MP: 4/4
  1255 | D:2      | 1255 ||| FLEEEEING.
  1256 | D:2      | 1256 ||| FLEEEEING.
  1257 | D:2      | 1257 ||| FLEEEEING.
  1259 | D:2      | 1259 ||| FLEEEEING.
  1260 | D:2      | 1260 ||| FLEEEEING.
  1261 | D:2      | 1261 ||| FLEEEEING.
  1262 | D:2      | 1262 ||| FLEEEEING.
  1263 | D:2      | 1263 ||| FLEEEEING.
  1602 | D:2      | Found a faded altar of an unknown god.
  1949 | D:3      | 1949 ||| RETREEAATING.
  1952 | D:3      | Reached XP level 5. HP: 32/32 MP: 5/5
  1964 | D:3      | Reached skill level 6 in Ranged Weapons
  2058 | D:3      | Found Sacw's Antique Weapon Shoppe.
  2152 | D:3      | 2152 ||| READING scroll of enchant weapon.
  2152 | D:3      | 2152 ||| ENCHANTING +1 shortbow.
  2170 | D:3      | Noticed an ogre
  2179 | D:3      | Mangled by an ogre

Levels and vault maps discovered:
D:1:      dpeg_arrival_snail, layout_basic
D:2:      layout_loops_ring, shapermc_ecumenical_altar_mp_vishouse,
          grunt_ministairs_15, corner_web_ring, minmay_indecisive_spiral
D:3:      layout_loops_corners, serial_shops, nicolae_shop_hallway_stairs, shop

Skill      XL: |  1  2  3  4  5 |
---------------+----------------+-----
Ranged Weapons | 5 6 |  6.1
Fighting       | 3 |  3.0
Dodging        | |  1.5
Stealth        | |  1.1

Action                     |  1- 3 |  4- 6 || total
---------------------------+-------+-------++-------
   Fire: Shortbow          |   125 |    86 ||   211
    Use: Scroll            |     4 |     1 ||     5
 Armour: Leather armour    |    48 |    26 ||    74
  Dodge: Dodged            |    58 |    30 ||    88

Table legend:
 A = Non-vault XP
 B = Vault XP
 C = Vault XP percentage of total XP
 D = Non-vault monster count
 E = Vault monster count
 F = Vault count percentage of total count
                 A         B        C        D         E       F
            +---------+---------+-------+---------+---------+-------
      Total |     212 |       9 |   4.1 |      65 |       6 |   8.5
            +---------+---------+-------+---------+---------+-------
        D:1 |      47 |       0 |   0.0 |      28 |       0 |   0.0
        D:2 |      94 |       9 |   8.7 |      24 |       6 |  20.0
        D:3 |      71 |       0 |   0.0 |      13 |       0 |   0.0
            +---------+---------+-------+---------+---------+-------
